 Dungeon Crawl Stone Soup version 0.24-a0-537-g2d01d4ab0a (webtiles) character file.

Game seed: 2048573716832027279

2641 konokrad666 the Thaumaturge (level 9, -8/66 HPs)
             Began as a Gnoll Wizard on Aug 14, 2019.
             Was an Initiate of Ashenzari.
             Mangled by a cyan ugly thing (15 damage)
             ... on level 7 of the Dungeon on Aug 15, 2019.
             The game lasted 00:51:32 (7661 turns).

konokrad666 the Thaumaturge (Gnoll Wizard)          Turns: 7661, Time: 00:51:33

Health: -8/66      AC:  3    Str:  9    XL:     9   Next: 61%
Magic:  11/21      EV: 15    Int: 25    God:    Ashenzari [......]
Gold:   342        SH:  0    Dex: 13    Spells: 13/24 levels left

rFire    . . .     SeeInvis .   u - +0 dagger
rCold    . . .     Gourm    .   (no shield)
rNeg     . . .     Faith    .   C - +0 robe (curse)
rPois    .         Spirit   .   b - +0 hat
rElec    .         Reflect  .   (no cloak)
rCorr    .         Harm     .   y - +0 pair of gloves
MR       .....                  (no boots)
Stlth    +++.......             q - amulet of magic regeneration (curse)
HPRegen  0.21/turn              t - ring of wizardry (curse)
MPRegen  0.42/turn              E - ring of flight (curse)

@: no status effects
A: distributed training, fangs 1, strong nose
a: Curse Item, Renounce Religion, Evoke Flight


You were on level 7 of the Dungeon.
You worshipped Ashenzari.
Ashenzari was noncommittal.
You were not hungry.

You visited 2 branches of the dungeon, and saw 9 of its levels.

You collected 390 gold pieces.
You spent 48 gold pieces at shops.

Inventory:

Hand Weapons
 u - a +0 dagger (weapon)
 J - a +2 vampiric lajatang
Armour
 b - a +0 hat (worn)
 y - a +0 pair of gloves (worn)
 C - a cursed +0 robe (worn)
Jewellery
 q - a cursed amulet of magic regeneration (around neck)
 t - a cursed ring of wizardry (left hand)
 E - a cursed ring of flight (right hand)
 L - a +3 ring of protection
Wands
 z - a wand of enslavement (4)
 G - a wand of scattershot (5)
 K - a wand of random effects (18)
Scrolls
 a - 2 scrolls of enchant armour {unknown}
 c - a scroll of fog
 g - 5 scrolls of teleportation
 h - 2 scrolls of identify
 i - 2 scrolls of remove curse
 l - 4 scrolls of blinking {unknown}
 n - a scroll of magic mapping {unknown}
 s - 2 scrolls of enchant weapon {unknown}
 w - a scroll of holy word {unknown}
 A - a scroll of immolation {unknown}
 D - a scroll of fear {unknown}
 F - a scroll of amnesia {unknown}
Potions
 e - a potion of resistance
 f - 3 potions of mutation
 j - 7 potions of curing
 k - 5 potions of lignification
 m - 2 potions of invisibility
 o - a potion of berserk rage
 p - a potion of cancellation
 r - 4 potions of haste
 v - a potion of ambrosia {unknown}
 x - 2 potions of heal wounds
 B - 3 potions of might
 I - a potion of brilliance {unknown}
 M - a potion of flight {unknown}
Comestibles
 d - 11 rations
 H - 6 chunks of flesh


   Skills:
 + Level 4.3 Fighting
 + Level 4.3 Short Blades
 + Level 4.3 Long Blades
 + Level 4.3 Axes
 + Level 4.3 Maces & Flails
 + Level 4.3 Polearms
 + Level 4.3 Staves
 + Level 4.3 Slings
 + Level 4.3 Bows
 + Level 4.3 Crossbows
 + Level 4.3 Throwing
 + Level 4.3 Armour
 + Level 6.4 Dodging
 + Level 6.1 Stealth
 + Level 4.3 Shields
 + Level 4.3 Unarmed Combat
 + Level 8.4 Spellcasting
 + Level 4.2 Conjurations
 + Level 3.5 Hexes
 + Level 3.5 Charms
 + Level 4.2 Summonings
 + Level 3.5 Necromancy
 + Level 4.2 Translocations
 + Level 3.5 Transmutations
 + Level 3.5 Fire Magic
 + Level 3.5 Ice Magic
 + Level 3.5 Air Magic
 + Level 3.5 Earth Magic
 + Level 3.5 Poison Magic
 + Level 4.8 Invocations
 + Level 4.3 Evocations


You had 13 spell levels left.
You knew the following spells:

 Your Spells              Type           Power        Failure   Level  Hunger
a - Magic Dart            Conj           ####         1%          1    None
b - Call Imp              Summ           ####....     1%          2    None
c - Blink                 Tloc           N/A          1%          2    None
d - Conjure Flame         Conj/Fire      ####....     1%          3    None
e - Mephitic Cloud        Conj/Pois/Air  ####....     1%          3    None

Your spell library contained the following spells:

 Spells                   Type           Power        Failure   Level  Hunger
 Slow                     Hex            ####....     1%          2    None


Dungeon Overview and Level Annotations

Branches:
Dungeon (8/15)             Temple (1/1) D:5
   Lair: D:8-11

Altars:
Ashenzari
Cheibriados
Elyvilon
Fedhas
Gozag
Hepliaklqana
Kikubaaqudgha
Makhleb
Qazlal
Ru
Sif Muna
Trog
Uskayaw
Vehumet
Wu Jian
Xom
Yredelemnul
Zin
The Shining One
Beogh

Shops:
D:5 *   D:6 }

Annotations:
D:7 exclusion: door


Innate Abilities, Weirdness & Mutations

Your experience applies equally to all skills.
You have very sharp teeth.
Your uncanny sense of smell can sniff out nearby items.


Message History

Aim: a cyan ugly thing (chance to defeat MR: 41%)
The cyan ugly thing resists with some effort.
The cyan ugly thing barely misses you.
Evoke which item? (* to show all) (? for menu, Esc to quit)
Aiming: Enslavement
Press: ? - help, Shift-Dir - straight line, f/p - cyan ugly thing
Aim: a cyan ugly thing (chance to defeat MR: 41%)
The cyan ugly thing resists with some effort.
The cyan ugly thing engulfs you. The cyan ugly thing shocks you!
The cyan ugly thing engulfs you! The cyan ugly thing shocks you!
* * * LOW HITPOINT WARNING * * *
Casting: Call Imp (safe; 1% risk of failure)
Confirm with . or Enter, or press ? or * to list all spells.
You don't know that spell.
Casting: Call Imp (safe; 1% risk of failure)
Confirm with . or Enter, or press ? or * to list all spells.
You blink.
The cyan ugly thing engulfs you.
* * * LOW HITPOINT WARNING * * *
The cyan ugly thing shocks you!
You die...

.⌠ ..'.....'.#.#.# ..
###.###.##.#.#. ∆ #. ∆#.
...#.#.#.# #. ###'####.#.#.
#. #. ##.#.# ∆#† ∆ . ##.#. ∆
#)### # ###+ ####..# ∆ ∆ ..
#..#u@# ... #.§##')†...#e
'##o ###.###.##..H ##...
#...# #∆ .#∆ #... ###'###
s## ###' #.#. #...5.## ..
... #... #..#.#..## .# ###..
#..##..##.##..####+#####.##.
#..#..#.....#..#..##.#.##.#.


You could see a cyan ugly thing.

Vanquished Creatures
  A hippogriff (D:7)
  A yak (D:8)
  A hungry ghost (D:7)
  Duvessa (D:7)
  A water moccasin (D:5)
  An orc warrior (D:7)
  A sky beast (D:6)
  An ice beast (D:5)
  4 ogres
  2 centaurs (D:6)
  A big kobold (D:7)
  A bullfrog (D:7)
  A gnoll sergeant (D:7)
  Dowan (D:7)
  A water moccasin zombie (D:7)
  A wyvern skeleton (D:6)
  A scorpion (D:5)
  A howler monkey (D:8)
  A hound (D:8)
  An orc priest (D:5)
  2 centaur zombies
  3 orc wizards
  An iguana (D:5)
  3 worker ants
  A killer bee zombie (D:6)
  A hound zombie (D:6)
  A hound skeleton (D:4)
  A worker ant zombie (D:7)
  6 gnolls
  9 adders
  5 oozes
  An adder skeleton (D:5)
  A worm (D:2)
  A dart slug (D:2)
  2 leopard geckos
  21 orcs
  4 giant cockroaches
  2 goblins
  6 hobgoblins
  5 jackals
  4 quokkas
  4 ball pythons
  7 bats
  5 frilled lizards
  6 kobolds
  A leopard gecko skeleton (D:7)
  A quokka skeleton (D:5)
  5 rats
133 creatures vanquished.

Vanquished Creatures (collateral kills)
  A hippogriff (D:7)
  2 scorpions (D:5)
  A crimson imp (D:5)
  An orc priest (D:3)
  A bullfrog skeleton (D:6)
  4 orc wizards
  A gnoll (D:5)
  An adder (D:2)
  6 orcs
  A hobgoblin (D:1)
  2 jackals (D:3)
21 creatures vanquished.

Vanquished Creatures (others)
  A quasit (D:7)
1 creature vanquished.

Grand Total: 155 creatures vanquished

Notes
Turn   | Place    | Note
-------+----------+-------------------------------------------
     0 | D:1      | konokrad666 the Gnoll Wizard began the quest for the Orb.
     0 | D:1      | Reached XP level 1. HP: 13/13 MP: 8/8
   139 | D:1      | Reached XP level 2. HP: 16/19 MP: 2/10
   204 | D:1      | Learned a level 2 spell: Call Imp
   207 | D:1      | Learned a level 2 spell: Blink
   589 | D:2      | Reached XP level 3. HP: 25/25 MP: 7/11
   752 | D:2      | Found a shimmering altar of Xom.
  1055 | D:2      | Reached skill level 1 in Invocations
  1727 | D:3      | Reached skill level 1 in Fighting
  1727 | D:3      | Reached skill level 1 in Short Blades
  1727 | D:3      | Reached skill level 1 in Long Blades
  1727 | D:3      | Reached skill level 1 in Axes
  1727 | D:3      | Reached skill level 1 in Maces & Flails
  1727 | D:3      | Reached skill level 1 in Polearms
  1727 | D:3      | Reached skill level 1 in Staves
  1727 | D:3      | Reached skill level 1 in Slings
  1727 | D:3      | Reached skill level 1 in Bows
  1727 | D:3      | Reached skill level 1 in Crossbows
  1727 | D:3      | Reached skill level 1 in Throwing
  1727 | D:3      | Reached skill level 1 in Armour
  1727 | D:3      | Reached skill level 1 in Shields
  1727 | D:3      | Reached skill level 1 in Unarmed Combat
  1727 | D:3      | Reached skill level 1 in Evocations
  1763 | D:3      | Reached XP level 4. HP: 32/32 MP: 8/13
  1944 | D:3      | Found a roughly hewn altar of Beogh.
  1972 | D:3      | Learned a level 3 spell: Conjure Flame
  1976 | D:3      | Learned a level 3 spell: Mephitic Cloud
  1990 | D:3      | Reached skill level 1 in Hexes
  1990 | D:3      | Reached skill level 1 in Charms
  1990 | D:3      | Reached skill level 1 in Necromancy
  1990 | D:3      | Reached skill level 1 in Transmutations
  1990 | D:3      | Reached skill level 1 in Fire Magic
  1990 | D:3      | Reached skill level 1 in Ice Magic
  1990 | D:3      | Reached skill level 1 in Air Magic
  1990 | D:3      | Reached skill level 1 in Earth Magic
  1990 | D:3      | Reached skill level 1 in Poison Magic
  2181 | D:3      | Reached XP level 5. HP: 25/37 MP: 6/14
  2883 | D:4      | Noticed an ogre
  2899 | D:4      | Killed an ogre
  2899 | D:4      | Reached XP level 6. HP: 44/44 MP: 5/16
  3463 | D:5      | Entered Level 5 of the Dungeon
  3511 | D:5      | Reached skill level 5 in Dodging
  3529 | D:5      | Found a staircase to the Ecumenical Temple.
  3557 | D:5      | Found Feaf's Assorted Antiques.
  3609 | D:5      | Reached XP level 7. HP: 41/50 MP: 9/18
  3724 | Temple   | Entered the Ecumenical Temple
  3744 | Temple   | Became a worshipper of Ashenzari the Shackled
  3906 | D:5      | Bought a scroll labeled JEOTEF VAA for 24 gold pieces
  3906 | D:5      | Bought a scroll labeled DOTSEO CENAGG for 24 gold pieces
  4291 | D:5      | Found a sacrificial altar of Ru.
  4338 | D:5      | Reached skill level 5 in Stealth
  5001 | D:6      | Found Ninwim's Gadget Boutique.
  5033 | D:6      | Reached XP level 8. HP: 24/57 MP: 11/19
  5908 | D:7      | Noticed Duvessa
  5934 | D:7      | Killed Duvessa
  5977 | D:7      | Reached skill level 8 in Spellcasting
  6247 | D:7      | Noticed Dowan
  6255 | D:7      | Killed Dowan
  6698 | D:7      | Noticed a deep elf mage
  6698 | D:7      | Noticed a hippogriff
  6711 | D:7      | Noticed a hippogriff
  6734 | D:7      | Killed a hippogriff
  6734 | D:7      | Reached XP level 9. HP: 65/65 MP: 4/21
  7313 | D:8      | Noticed a death yak
  7314 | D:8      | Noticed a death yak
  7403 | D:8      | Noticed a two-headed ogre
  7638 | D:7      | Noticed a cyan ugly thing
  7661 | D:7      | Mangled by a cyan ugly thing

Levels and vault maps discovered:
D:1:      minmay_arrival_five_plusses, layout_rooms, minmay_misc_feat_chi
D:2:      layout_basic, nicolae_overflow_crystal_walls, first_ration
D:3:      layout_loops_corners, kennysheep_orc_chapel
D:4:      layout_basic, wad_orctagon
D:5:      layout_rooms, minmay_temple_entry_statues_fountains, serial_shops,
          nicolae_shop_overgrown_old_shop, st_stairs_7,
          nicolae_ru_great_annihilating_truth
D:6:      layout_basic, serial_shops, nicolae_shop_behind_doors
D:7:      minmay_the_grid_octo_tiled_octocenter [minmay_the_grid_octo_clover,
          minmay_the_grid_octo_checkered, minmay_the_grid_octo_clover_2,
          minmay_the_grid_octo_horde,
          minmay_the_grid_octo_prize_square_snowflake,
          minmay_the_grid_square_5x5_trominoes,
          minmay_the_grid_square_5x5_tri_point,
          minmay_the_grid_square_5x5_gyroscope,
          minmay_the_grid_square_5x5_tetrominoes], layout_basic, uniq_duvessa
D:8:      layout_basic, chequers_temple_overflow_statue_of_worship,
          dpeg_lair_monsters, kennysheep_another_room, uniq_maurice
Temple:   compressed_dpeg_circular_temple

Skill      XL: |  1  2  3  4  5  6  7  8  9 |
---------------+----------------------------+-----
Conjurations   | 2 3 4 |  4.2
Summonings     | 2 3 4 |  4.2
Translocations | 2 3 4 |  4.2
Invocations    | 1 2 3 4 |  4.8
Fighting       | 1 2 3 4 |  4.3
Short Blades   | 1 2 3 4 |  4.3
Long Blades    | 1 2 3 4 |  4.3
Axes           | 1 2 3 4 |  4.3
Maces & Flails | 1 2 3 4 |  4.3
Polearms       | 1 2 3 4 |  4.3
Staves         | 1 2 3 4 |  4.3
Slings         | 1 2 3 4 |  4.3
Bows           | 1 2 3 4 |  4.3
Crossbows      | 1 2 3 4 |  4.3
Throwing       | 1 2 3 4 |  4.3
Armour         | 1 2 3 4 |  4.3
Shields        | 1 2 3 4 |  4.3
Unarmed Combat | 1 2 3 4 |  4.3
Evocations     | 1 2 3 4 |  4.3
Hexes          | 1 2 3 |  3.5
Charms         | 1 2 3 |  3.5
Necromancy     | 1 2 3 |  3.5
Transmutations | 1 2 3 |  3.5
Fire Magic     | 1 2 3 |  3.5
Ice Magic      | 1 2 3 |  3.5
Air Magic      | 1 2 3 |  3.5
Earth Magic    | 1 2 3 |  3.5
Poison Magic   | 1 2 3 |  3.5
Dodging        | 5 6 |  6.4
Stealth        | 5 6 |  6.1
Spellcasting   | 8 |  8.4

Action                   |  1- 3 |  4- 6 |  7- 9 || total
-------------------------+-------+-------+-------++-------
Melee: Unarmed           |     9 |       |       ||     9
       Bite              |     1 |     2 |     6 ||     9
       Dagger            |       |     6 |    87 ||    93
       Punch             |       |       |     1 ||     1
 Cast: Magic Dart        |    82 |   104 |   272 ||   458
       Call Imp          |     5 |    11 |    25 ||    41
       Mephitic Cloud    |       |     7 |    14 ||    21
       Blink             |       |       |     8 ||     8
       Conjure Flame     |       |       |    15 ||    15
Invok: Curse Item        |       |       |     3 ||     3
Evoke: Wand              |       |       |     7 ||     7
  Use: Scroll            |     7 |     1 |     4 ||    12
 Stab: Sleeping          |       |       |     1 ||     1
       Confused          |       |       |     8 ||     8
  Eat: Chunk             |     2 |     6 |    12 ||    20
Armor: Robe              |     1 |     4 |    10 ||    15
Dodge: Dodged            |    13 |    24 |    79 ||   116

Table legend:
 A = Non-vault XP
 B = Vault XP
 C = Vault XP percentage of total XP
 D = Non-vault monster count
 E = Vault monster count
 F = Vault count percentage of total count
                 A         B        C        D         E       F
            +---------+---------+-------+---------+---------+-------
      Total |    2271 |    1503 |  39.8 |     122 |      32 |  20.8
            +---------+---------+-------+---------+---------+-------
        D:1 |      20 |       0 |   0.0 |      11 |       0 |   0.0
        D:2 |      41 |       0 |   0.0 |      15 |       0 |   0.0
        D:3 |      92 |      85 |  48.0 |      20 |       5 |  20.0
        D:4 |     144 |      12 |   7.7 |       7 |       4 |  36.4
        D:5 |     511 |     154 |  23.2 |      28 |       5 |  15.2
        D:6 |     619 |       0 |   0.0 |      19 |       0 |   0.0
        D:7 |     750 |    1056 |  58.5 |      20 |      17 |  45.9
        D:8 |      94 |     196 |  67.6 |       2 |       1 |  33.3
            +---------+---------+-------+---------+---------+-------
